Map: Orbital Shipyard

Players

NebulaOxide

  • Race: Terran Terran
  • League: Gold

LilDicky - Winner!

  • Race: Terran Terran
  • League: Diamond

VOD

http://www.twitch.tv/tumescentpie

Description

Time

  • Played on: Nov. 23, 2015, 2:14 p.m.
  • Length: 10:45
Show
View Real Time Build Order
Export as new Build Order

NebulaOxide Terran 

Build Orders: Reaper Expand, MMM Bio 

Get SALT Encoding   

  12  0:01  SCV  
  13  0:13  SCV  
  14  0:19  Supply Depot  
  14  0:25  SCV  
  15  0:41  SCV  
  16  0:42  Barracks  
  16  0:46  Refinery  
  16  0:53  SCV  
  17  1:06  SCV  
  18  1:18  SCV  
  19  1:30  Orbital Command  
  19  1:31  Reaper  
  20  1:43  Command Center  
  20  1:55  Supply Depot  
  20  1:56  SCV  
  21  2:08  SCV  
  21  2:10  Factory  
  21  2:13  Refinery  
  22  2:20  SCV  
  23  2:31  Supply Depot  
  23  2:34  Barracks Tech Lab  
  22  2:45  SCV  
  23  2:51  Command Center  
  23  2:54  Stimpack  
  23  3:03  Orbital Command  
  23  3:09  Factory Tech Lab  
  23  3:10  SCV  
  24  3:22  Barracks  
  24  3:26  Engineering Bay  
  24  3:28  SCV  
  25  3:35  Cyclone  
  25  3:37  Marine  
  25  3:39  SCV  
  30  3:42  SCV  
  31  3:52  Terran Infantry Weapons Level 1  
  31  3:54  SCV x2  
  33  3:57  Marine  
  34  4:04  Orbital Command  
  34  4:06  SCV x2  
  36  4:10  Barracks Reactor  
  36  4:18  SCV, Missile Turret  
  36  4:19  Siege Tank  
  36  4:21  SCV  
  41  4:30  SCV x2  
  43  4:32  Missile Turret  
  43  4:40  Missile Turret  
  43  4:41  Missile Turret  
  43  4:43  SCV  
  44  4:47  Marine x2  
  44  4:50  Missile Turret  
  47  4:52  SCV  
  47  4:53  Starport  
  47  4:55  Combat Shields  
  47  4:57  Marine  
  47  4:59  SCV x2  
  50  5:05  Marine  
  51  5:08  Orbital Command  
  51  5:23  SCV, Barracks  
  51  5:24  SCV, Barracks  
  51  5:26  Refinery  
  53  5:29  Marine x3  
  53  5:30  Engineering Bay  
  53  5:31  Armory  
  53  5:34  SCV  
  57  5:35  SCV  
  58  5:44  SCV  
  57  5:57  Viking  
  58  6:04  Missile Turret  
  58  6:07  Cyclone  
  58  6:13  Barracks Reactor x2, Marine  
  58  6:14  Marine  
  59  6:24  Refinery  
  59  6:25  Orbital Command  
  59  6:27  Supply Depot, Marine  
  60  6:38  Barracks  
  59  6:50  Terran Infantry Weapons Level 2  
  59  6:57  SCV  
  59  6:58  SCV  
  61  7:01  Marine  
  61  7:03  Marine  
  61  7:06  Supply Depot  
  61  7:08  Terran Infantry Armor Level 1, Marine  
  63  7:09  Supply Depot x3, Starport Reactor, Marine  
  63  7:12  Siege Tank  
  54  7:32  Marine  
  54  7:38  Liberator  
  54  7:41  Marine x3  
  54  7:42  Marine x4  
  54  7:44  Siege Tank  
  63  7:50  Marine  
  64  7:54  Supply Depot, Medivac  
  64  7:55  Supply Depot  
  64  7:56  Supply Depot  
  69  7:59  Supply Depot, Marine x3  
  72  8:16  Cyclone  
  73  8:23  Marine x3  
  76  8:30  Marine x3  
  59  9:09  Viking x2, Marine  
  64  9:10  Siege Tank  
  64  9:17  Orbital Command  
  64  9:20  Command Center  
  64  9:21  Marine  
  64  9:22  Marine x3  
  65  9:35  Marine x2  
  65  9:36  Marine x2  
  66  9:39  Marine  
  66  9:42  Siege Tank  
  66  9:44  Liberator x2  
  62  9:59  Marine  
  58  10:01  Marine  
  66  10:07  SCV  
  66  10:08  Marine  
  66  10:09  Marine x5  
  73  10:14  Factory  
  73  10:19  SCV  
  72  10:31  SCV  
Show
View Real Time Build Order
Export as new Build Order

LilDicky Terran - Winner!

Build Orders: Mech, Banshee Rush 

Get SALT Encoding   

  12  0:01  SCV  
  13  0:13  SCV  
  14  0:18  Supply Depot  
  14  0:25  SCV  
  15  0:29  Refinery  
  15  0:39  SCV  
  16  0:45  Barracks  
  16  0:51  SCV  
  17  1:03  SCV  
  18  1:15  SCV  
  19  1:28  SCV  
  19  1:32  Marine  
  21  1:34  Supply Depot  
  21  1:40  Orbital Command  
  21  1:46  Refinery  
  21  1:48  Factory  
  21  1:49  Marine  
  22  2:06  SCV  
  22  2:08  Marine  
  24  2:18  SCV  
  25  2:25  Command Center  
  25  2:30  SCV  
  25  2:33  Widow Mine  
  27  2:47  Starport  
  27  2:49  SCV  
  29  2:56  Supply Depot  
  29  2:59  Barracks Reactor  
  29  3:04  Factory Tech Lab  
  28  3:08  SCV  
  29  3:20  SCV  
  30  3:32  SCV  
  31  3:36  Orbital Command  
  31  3:43  Banshee  
  31  3:44  SCV, Cloaking Field  
  35  3:49  Marine x2  
  37  3:56  SCV  
  37  4:00  Widow Mine  
  40  4:06  SCV, Engineering Bay  
  40  4:09  SCV  
  42  4:18  SCV  
  42  4:21  SCV  
  44  4:25  Supply Depot  
  44  4:26  Banshee  
  44  4:30  SCV  
  44  4:31  Supply Depot, Marine x2  
  49  4:33  SCV, Factory Tech Lab  
  51  4:42  SCV  
  52  4:46  SCV  
  52  4:51  Command Center  
  53  4:54  SCV, Missile Turret  
  53  4:58  Missile Turret  
  54  5:04  SCV  
  54  5:05  Siege Tank  
  58  5:13  SCV  
  58  5:14  Banshee  
  59  5:16  SCV  
  59  5:20  Refinery  
  60  5:22  Refinery  
  60  5:25  SCV, Marine, Supply Depot  
  62  5:31  SCV, Hi-Sec Auto Tracking  
  62  5:32  Supply Depot  
  63  5:37  Siege Tank  
  63  5:41  Missile Turret  
  66  6:04  Marine  
  67  6:05  Banshee  
  70  6:13  SCV x2  
  70  6:15  Orbital Command  
  70  6:17  Siege Tank  
  75  6:22  Factory  
  75  6:23  Factory  
  75  6:27  SCV  
  76  6:34  Orbital Command  
  76  6:41  Missile Turret  
  70  6:50  SCV  
  70  6:51  SCV  
  70  6:54  Siege Tank  
  75  6:55  Command Center  
  75  7:00  SCV  
  76  7:02  Viking  
  76  7:03  Refinery  
  76  7:04  SCV  
  76  7:06  Factory Tech Lab  
  76  7:07  Factory Tech Lab, Refinery  
  76  7:08  Marine x2  
  76  7:26  Siege Tank  
  75  7:38  SCV  
  76  7:47  Siege Tank  
  76  7:48  Siege Tank  
  76  7:49  Viking  
  84  8:07  SCV x3  
  84  8:08  Starport  
  84  8:09  Orbital Command  
  84  8:10  Starport  
  87  8:19  SCV x3  
  88  8:22  Siege Tank x3  
  88  8:23  Marine x2  
  99  8:30  Missile Turret  
  99  8:31  SCV x2  
  101  8:34  Viking, Missile Turret  
  101  8:39  Missile Turret  
  94  8:53  SCV x2  
  94  8:54  Siege Tank  
  90  9:01  Siege Tank  
  90  9:02  Siege Tank  
  96  9:09  SCV x2  
  96  9:10  Marine  
  96  9:11  Marine  
  96  9:12  Missile Turret  
  98  9:22  SCV  
  96  9:26  Banshee, Siege Tank  
  96  9:28  Marine x2  
  98  9:34  Siege Tank x2  
  101  9:46  Marine x2  
  101  9:47  SCV x2  
  102  10:02  Missile Turret  
  102  10:03  Viking x2  
  102  10:04  Marine  
  102  10:06  Siege Tank x2  
  113  10:10  Refinery x2  
  116  10:16  Missile Turret  
  116  10:17  Barracks  
  116  10:21  Command Center  
  110  10:34  Command Center  
Tags
 
Add a new tag
Caveats
  • Supply blocks, unpowered buildings, or Contaminate may cause inaccurate times.
  • Supply counts are checked every 10 seconds.